 Dungeon Crawl Stone Soup version 0.20.1-1-g8b1a95d (webtiles) character file.

159 Gremour the Slasher (level 5, 0/41 HPs)
             Began as a Demonspawn Fighter on Nov 27, 2017.
             Slain by homeworkjunkie's ghost (11 damage)
             ... on level 3 of the Dungeon.
             The game lasted 00:12:06 (2901 turns).

Gremour the Slasher (Demonspawn Fighter)            Turns: 2901, Time: 00:12:07

Health: 0/41       AC:  9    Str: 16    XL:     5   Next: 17%
Magic:  5/5        EV:  6    Int: 14    God:
Gold:   125        SH:  8    Dex: 14    Spells: 4/4 levels left

rFire    . . .     SeeInvis .   a - +0 long sword
rCold    . . .     Gourm    .   c - +0 shield
rNeg     . . .     Faith    .   b - +0 scale mail
rPois    .         Spirit   .   (helmet restricted)
rElec    +         Reflect  .   (no cloak)
rCorr    .         Harm     .   i - +0 pair of gloves
MR       .....                  (no boots)
Stlth    ..........             (no amulet)
Regen    0.2/turn               w - ring of wizardry
MPRegen  0.1/turn               (no ring)

@: brilliant, berserk cooldown, slowed, very slow
A: antennae 2, thin metallic scales 1, electricity resistance, spiny 1, wild
magic 1
a: no special abilities


You were on level 3 of the Dungeon.
You were not hungry.

You visited 1 branch of the dungeon, and saw 3 of its levels.

You collected 125 gold pieces.

Inventory:

Hand Weapons
 a - a +0 long sword (weapon)
Missiles
 n - 7 javelins of returning (quivered)
Armour
 b - a +0 scale mail (worn)
 c - a +0 shield (worn)
 i - a +0 pair of gloves (worn)
Jewellery
 w - a ring of wizardry (left hand)
Scrolls
 d - a scroll of enchant armour {unknown}
 e - a scroll of teleportation {unknown}
 g - a scroll of blinking {unknown}
 j - a scroll of amnesia {unknown}
 o - a scroll of fog {unknown}
 p - 2 scrolls of recharging {unknown}
 q - 2 scrolls of identify {unknown}
 t - a scroll of immolation {unknown}
 v - a scroll of magic mapping {unknown}
Comestibles
 f - 3 bread rations
 l - a royal jelly
 r - a meat ration


   Skills:
 - Level 3.0 Fighting
 + Level 5.0 Long Blades
 - Level 2.6 Armour
 - Level 2.6 Shields


You had 4 spell levels left.
You didn't know any spells.

Dungeon Overview and Level Annotations

Branches:
Dungeon (3/15)

Altars:
Uskayaw
Vehumet
Yredelemnul

Annotations:
D:3 homeworkjunkie's ghost, amateur HOFi


Innate Abilities, Weirdness & Mutations

You have a pair of antennae on your head.
You are partially covered in thin metallic scales. (AC +2)
You are partially covered in sharp spines.
You are resistant to electric shocks. (rElec)
Your spells are a little harder to cast, but a little more powerful.


Message History

Homeworkjunkie's ghost hits you. x2
You block homeworkjunkie's ghost's attack.
You see here 23 stones.
You closely miss homeworkjunkie's ghost.
Homeworkjunkie's ghost is severely damaged.
Homeworkjunkie's ghost hits you but does no damage.
You block homeworkjunkie's ghost's attack.
You hit homeworkjunkie's ghost.
Homeworkjunkie's ghost is severely damaged.
Homeworkjunkie's ghost hits you. x2
You closely miss homeworkjunkie's ghost.
Homeworkjunkie's ghost is severely damaged.
You block homeworkjunkie's ghost's attack.
Homeworkjunkie's ghost hits you.
* * * LOW HITPOINT WARNING * * *
It was a potion of brilliance.
You feel clever all of a sudden.
Homeworkjunkie's ghost is struck by your spines.
Homeworkjunkie's ghost hits you!
You die...

#..#.#...##.#
#...........#
####.#...#.###
#.....§§..##
###...§.§..#
#....§....
#...§.§§#
#.W.§...#
##@<######
#...#####
#.......#
#...###....
###.... <.
######


You could see homeworkjunkie's ghost.

Vanquished Creatures
  7 gnolls (D:2)
  2 adders (D:2)
  An ooze (D:3)
  A worm (D:2)
  2 dart slugs
  2 leopard geckos (D:3)
  A ball python (D:2)
  4 giant cockroaches
  4 goblins
  5 hobgoblins (D:1)
  6 jackals (D:1)
  3 quokkas (D:2)
  7 bats
  3 frilled lizards
  9 kobolds
  6 rats
63 creatures vanquished.

Notes
Turn   | Place    | Note
-------+----------+-------------------------------------------
     0 | D:1      | Gremour the Demonspawn Fighter began the quest for the Orb.
     0 | D:1      | Reached XP level 1. HP: 18/18 MP: 1/1
    61 | D:1      | Reached skill level 2 in Long Blades
   273 | D:1      | Gained mutation: You are partially covered in thin metallic scales. (AC +2) [demonic ancestry]
   273 | D:1      | Reached XP level 2. HP: 22/24 MP: 2/2
   669 | D:1      | Reached skill level 3 in Long Blades
   779 | D:1      | Gained mutation: You have a pair of small antennae on your head. [demonic ancestry]
   779 | D:1      | Reached XP level 3. HP: 26/29 MP: 3/3
  1126 | D:2      | Reached skill level 4 in Long Blades
  1126 | D:2      | Reached XP level 4. HP: 6/35 MP: 4/4
  1759 | D:2      | Found a basalt altar of Yredelemnul.
  1977 | D:2      | Found a hide-covered altar of Uskayaw.
  2107 | D:2      | Gained mutation: You are partially covered in sharp spines. [demonic ancestry]
  2107 | D:2      | Reached XP level 5. HP: 29/41 MP: 5/5
  2517 | D:3      | Found a radiant altar of Vehumet.
  2640 | D:3      | Noticed homeworkjunkie's ghost (amateur HOFi)
  2706 | D:3      | Reached skill level 5 in Long Blades
  2887 | D:2      | Gained mutation: You are resistant to electric shocks. (rElec) [potion of mutation]
  2887 | D:2      | Gained mutation: You have a pair of antennae on your head. [potion of mutation]
  2887 | D:2      | Gained mutation: Your spells are a little harder to cast, but a little more powerful. [potion of mutation]
  2901 | D:3      | Slain by homeworkjunkie's ghost

Skill      XL: |  1  2  3  4  5 |
---------------+----------------+-----
Long Blades    | 2 3 4 5 |  5.0
Fighting       | |  3.0
Armour         | |  2.6
Shields        | |  2.6

Action                   |  1- 3 |  4- 6 || total
-------------------------+-------+-------++-------
Melee: Long sword        |   140 |   110 ||   250
  Use: Potion            |       |     5 ||     5
  Eat: Chunk             |     1 |     5 ||     6
       Bread ration      |       |     1 ||     1
Armor: Scale mail        |    65 |    38 ||   103
Dodge: Dodged            |    40 |    36 ||    76
Block: Shield            |    68 |    51 ||   119
       Rpst.: Long sword |    12 |    10 ||    22
